 Dungeon Crawl Stone Soup version 0.25.0-26-g0c896c7088 (webtiles) character file.

Game seed: 4811286729828822795

185223 EriolAelfwine the Brawler (level 17, -1/154 HPs)
             Began as a Troll Fighter on June 30, 2020.
             Was a High Priest of Okawaru.
             Slain by a purple very ugly thing (4 damage)
             ... on level 2 of the Abyss.
             The game lasted 01:48:34 (29693 turns).

EriolAelfwine the Brawler (Troll Fighter)          Turns: 29693, Time: 01:48:35

Health: -1/154     AC: 16    Str: 33      XL:     17   Next: 80%
Magic:  22/22      EV: 13    Int:  2 (4)  God:    Okawaru [*****.]
Gold:   1640       SH: 20    Dex: 11      Spells: 16/16 levels left

rFire    . . .     SeeInvis +     - Unarmed
rCold    . . .     Gourm    +   W - +0 tower shield
rNeg     + . .     Faith    .   g - +1 swamp dragon scales
rPois    +         Spirit   .   i - +2 hat
rElec    +         Reflect  .   u - +0 cloak
rCorr    .         Harm     .   (gloves unavailable)
MR       +++++     Clarity  +   (boots unavailable)
Stlth    +.........             o - amulet of the Four Winds {rN+ MR+++ Clar}
HPRegen  0.00/turn              R - ring "Xummuem" {rPois Slay+2}
MPRegen  0.18/turn              S - ring of Pantheism {rElec MR+ Dex+2 SInv}

@: about to teleport, non-regenerating, diseased
A: large, unfitting armour, claws 3, talons 1, fast metabolism 3, frail 1,
gourmand, regeneration 1, shaggy fur 2, tough skin 3
a: Heroism, Finesse, Renounce Religion


You were on level 2 of the Abyss.
You worshipped Okawaru.
Okawaru was extremely pleased with you.
You were full.

You visited 5 branches of the dungeon, and saw 28 of its levels.
You visited the Abyss 2 times.
You also visited: Gauntlet.

You collected 2798 gold pieces.
You spent 1158 gold pieces at shops.

Inventory:

Hand Weapons
 s - a +3 scimitar of flaming
Missiles
 D - 17 large rocks (quivered)
Armour
 g - +1 swamp dragon scales (worn)
 i - a +2 hat (worn)
 u - a +0 cloak (worn)
 y - a +2 robe of fire resistance
 W - a +0 tower shield (worn)
Jewellery
 o - the amulet of the Four Winds (around neck) {rN+ MR+++ Clar}
   (You took it off a minotaur in a Gauntlet)

   [amulet of nothing]

   It protects you from negative energy.
   It affects your resistance to hostile enchantments.
   It protects you against confusion.
 v - an uncursed ring of resist corrosion
 R - the ring "Xummuem" (left claw) {rPois Slay+2}
   (You bought it in a shop on level 2 of the Orcish Mines)

   [ring of poison resistance]

   It affects your accuracy and damage with ranged weapons and melee attacks
   (+2).
   It protects you from poison.
 S - the ring of Pantheism (right claw) {rElec MR+ Dex+2 SInv}
   (You found it in a Gauntlet)

   [ring of protection from magic]

   It affects your dexterity (+2).
   It insulates you from electricity.
   It affects your resistance to hostile enchantments.
   It lets you see invisible.
 X - the ring of Springtime {rElec rF+ Stlth-}
   (You found it on level 6 of the Lair of Beasts)

   [ring of attention]

   It protects you from fire.
   It insulates you from electricity.
   It makes you less stealthy.
Wands
 E - a wand of digging (4)
 F - a wand of acid (16)
 M - a wand of iceblast (33)
 T - a wand of disintegration (25)
Scrolls
 a - 11 scrolls of identify
 f - 18 scrolls of remove curse
 h - 11 scrolls of teleportation
 l - 4 scrolls of fear
 w - 10 scrolls of amnesia
 x - 4 scrolls of magic mapping
 B - 7 scrolls of fog
 C - 4 scrolls of enchant weapon
 I - 2 scrolls of immolation
 O - 4 scrolls of enchant armour
 Q - 3 scrolls of vulnerability
 V - 3 scrolls of torment
Potions
 c - 4 potions of might
 e - 2 potions of flight
 j - 5 potions of stabbing
 k - 5 potions of curing
 n - 6 potions of haste
 q - 3 potions of resistance
 r - 4 potions of brilliance
 t - 2 potions of heal wounds
 z - 4 potions of lignification
 A - 9 potions of cancellation
 H - a potion of ambrosia
 J - 3 potions of magic
 L - 3 potions of invisibility
 P - 3 potions of berserk rage
 Z - 3 potions of mutation
Miscellaneous
 N - a lightning rod (4/4)
 U - a phantom mirror
Comestibles
 d - 38 rations


   Skills:
 + Level 11.9 Fighting
 - Level 12.0 Dodging
 + Level 11.8 Shields
 * Level 19.2 Unarmed Combat
 - Level 8.0 Invocations


You had 16 spell levels left.
You didn't know any spells.
Your spell library contained the following spells:

 Spells                   Type           Power        Failure   Level  Hunger
 Sandblast                Erth           #.....       88%         1    ##.....
 Summon Small Mammal      Summ           #...         88%         1    ##.....
 Call Imp                 Summ           #.......     95%         2    ###....
 Ensorcelled Hibernation  Hex/Ice        #.....       95%         2    ###....
 Passwall                 Tmut/Erth      #.......     95%         2    ###....
 Call Canine Familiar     Summ           #.......     99%         3    ####...
 Recall                   Summ/Tloc      N/A          99%         3    ####...
 Stone Arrow              Conj/Erth      #.....       99%         3    ####...
 Summon Guardian Golem    Hex/Summ       #.......     99%         3    ####...
 Animate Dead             Necr           N/A          100%        4    #####..
 Petrify                  Tmut/Erth      #.......     100%        4    #####..
 Summon Ice Beast         Ice/Summ       #.......     100%        4    #####..
 Summon Lightning Spire   Summ/Air       #.......     100%        4    #####..
 Bolt of Magma            Conj/Fire/Erth #.........   100%        5    ######.
 Borgnjor's Vile Clutch   Necr/Erth      #.........   100%        5    ######.
 Iskenderun's Battlesphe  Conj/Chrm      #.......     100%        5    ######.
 Lee's Rapid Deconstruct  Erth           #.........   100%        5    ######.
 Silence                  Hex/Air        #.........   100%        5    ######.
 Darkness                 Hex            #.........   100%        6    #######
 Death Channel            Necr           #.........   100%        6    #######
 Iron Shot                Conj/Erth      #.........   100%        6    #######
 Shadow Creatures         Summ           N/A          100%        6    #######
 Simulacrum               Ice/Necr       #.........   100%        6    #######
 Haunt                    Necr/Summ      #.........   100%        7    #######
 Orb of Destruction       Conj           #.........   100%        7    #######
 Spellforged Servitor     Conj/Summ      #.........   100%        7    #######
 Borgnjor's Revivificati  Necr           #.........   100%        8    #######
 Death's Door             Chrm/Necr      #.........   100%        8    #######
 Infestation              Necr           #.........   100%        8    #######
 Necromutation            Tmut/Necr      #.........   100%        8    #######


Dungeon Overview and Level Annotations

Branches:
Dungeon (15/15)            Temple (1/1) D:7            Lair (6/6) D:9
 Shoals (4/4) Lair:4        Snake (0/4) Lair:3        Slime (0/5) Lair:6
    Orc (2/2) D:9             Elf (0/3) Orc:2        Vaults (0/5) D:13
 Depths (0/5) D:15        Gauntlet (visited)

Altars:
Ashenzari
Cheibriados
Dithmenos
Elyvilon
Fedhas
Gozag
Hepliaklqana
Kikubaaqudgha
Makhleb
Okawaru
Qazlal
Ru
Sif Muna
Trog
Uskayaw
Vehumet
Wu Jian
Xom
Yredelemnul
Zin
The Shining One
Beogh

Shops:
D:13 !   D:14 *   D:15 **?*   Orc:1 *   Orc:2 (=!(   Shoals:1 *

Portals:
Trove: D:13 (give 14 potions of curing)

Annotations:
D:12 2 transporters


Innate Abilities, Weirdness & Mutations

You are too large for most types of armour.
You have claws for hands.
Your metabolism is lightning-fast.
You like to eat raw meat.
Your natural rate of healing is unusually fast.
You are covered in thick fur. (AC +2)
You have extremely tough skin. (AC +3)
You have sharp toenails.
You are frail. (-10% HP)


Message History

You block the purple very ugly thing's attack.
You block the neqoxec's attack. The purple very ugly thing claws you!!
* * * LOW HITPOINT WARNING * * *
You scratch the neqoxec but do no damage.
The neqoxec is heavily wounded.
The hell hound barely misses you.
You feel ill.
You block the cyan very ugly thing's attack.
You block the purple very ugly thing's attack.
You block the neqoxec's attack.
You mangle the neqoxec!!
You kill the neqoxec!
Okawaru accepts your kill.
The crimson imp disappears in a puff of smoke!
The iron imp disappears in a puff of smoke!
The hell hound splashes around in the water.
The purple very ugly thing claws you!
* * * LOW HITPOINT WARNING * * *
You block the cyan very ugly thing's attack.
The purple very ugly thing tentacle-slaps you.
You die...

. ≈≈≈≈≈ ≈♣ ≈≈
≈≈≈ ##'##
≈≈≈###≈≈.##
≈≈≈≈#≈≈≈†≈#
≈.≈.≈≈#†≈#
.#.#≈§≈≈≈#
.##.≈.##≈hu##
#. . ##@##.
#≈..≈uu# . #
..≈.#..§u .
.≈ #≈#≈≈#..
#......#
#..#.. .
##... ## .#..


You could see 4 very ugly things and a hell hound.

Vanquished Creatures
  Mara (Shoals:4)
  The ghost of Meod the Warrior, an adept MiBe of Trog (Shoals:2)
  A kraken (Shoals:2)
  Polyphemus (Shoals:2)
  A fire giant (D:15)
  An ironheart preserver (D:13)
  2 entropy weavers (Lair:5)
  A very ugly thing (Abyss:2)
  Nessos (D:14)
  Azrael (D:14)
  5 dire elephants (Lair:6)
  A minotaur (Gauntlet)
  The ghost of Depheass the Archer, a journeyman CeAM of Okawaru (Lair:5)
  Josephine (D:14)
  2 merfolk javelineers (Shoals:3)
  Erolcha (Orc:1)
  The ghost of nightchill the Severer, a journeyman HOFi of Uskayaw (D:10)
  2 merfolk impalers
  A vault guard (D:13)
  2 merfolk avatars
  An anaconda (Lair:6)
  9 hydras
  A catoblepas (Shoals:2)
  7 centaur warriors
  Erica (D:10)
  17 death yaks
  A satyr (Shoals:3)
  3 two-headed ogres
  3 merfolk aquamancers
  A queen ant (Lair:4)
  8 tengu warriors
  3 orc high priests (Orc:2)
  A soul eater (Gauntlet)
  4 unseen horrors
  10 sea snakes
  4 harpies
  7 orc knights
  A lindwurm (Lair:4)
  4 fauns (Shoals:2)
  A deep elf mage (D:14)
  8 cyclopes
  An oklob plant (Lair:2)
  13 manticores
  5 orc sorcerers
  12 ugly things
  Psyche (D:9)
  13 elephants
  A guardian serpent (Lair:3)
  6 merfolk sirens
  A smoke demon (Gauntlet)
  Maurice (Orc:1)
  4 water nymphs
  2 torpor snails
  6 black mambas
  A molten gargoyle (Lair:4)
  12 spiny frogs
  4 rime drakes
  3 centaur skeletons
  A minotaur zombie (Gauntlet)
  An efreet (D:14)
  7 kobold demonologists
  A redback zombie (D:12)
  11 komodo dragons
  A freezing wraith (D:14)
  5 trolls
  A meliai (shapeshifter) (D:15)
  A polar bear (Lair:6)
  A tengu conjurer (D:14)
  27 merfolk
  7 wind drakes
  4 hornets
  8 blink frogs
  12 hippogriffs
  17 slime creatures
  5 snapping turtles
  8 dream sheep
  A shadow (D:15)
  2 vampires (D:15)
  55 yaks
  A spriggan (shapeshifter) (D:15)
  3 fire elementals
  A wyvern (D:10)
  3 water elementals
  4 wraiths
  A centaur simulacrum (D:10)
  3 fire bats (Abyss:2)
  5 basilisks
  A neqoxec (Abyss:2)
  A chaos spawn (Abyss:2)
  2 vampire mosquitoes (D:14)
  A hungry ghost (D:15)
  3 wargs (Orc:2)
  18 soldier ants
  11 water moccasins
  An acid dragon (D:14)
  5 hell hounds
  13 porcupines
  A hornet zombie (D:15)
  32 orc warriors
  2 black bears
  3 ice beasts
  6 sky beasts
  2 eyes of draining
  3 phantoms
  16 ogres
  15 centaurs
  14 crocodiles
  11 big kobolds
  17 bullfrogs
  2 gnoll sergeants
  2 wyvern skeletons (D:13)
  3 scorpions
  4 killer bees (D:7)
  A wight (D:15)
  2 electric eels (Lair:2)
  2 howler monkeys
  7 crimson imps
  6 jellies
  3 bullfrog skeletons
  4 centaur zombies
  5 hounds
  37 orc wizards
  17 orc priests
  Jessica (D:6)
  3 iguanas
  30 worker ants
  A hound skeleton (D:4)
  A howler monkey zombie (D:8)
  12 gnolls
  11 adders
  8 shadow imps
  3 white imps (D:10)
  A howler monkey simulacrum (D:10)
  2 oozes
  An adder skeleton (D:4)
  3 worms
  A dart slug (D:1)
  3 leopard geckos
  102 orcs
  9 bats
  2 giant cockroaches
  10 hobgoblins
  9 jackals
  32 kobolds
  6 quokkas
  A ball python (D:4)
  4 frilled lizards
  11 goblins
  A goblin zombie (D:5)
  3 hobgoblin zombies (D:5)
  2 kobold zombies (D:5)
  An orc skeleton (D:5)
  A quokka skeleton (D:9)
  A quokka zombie (D:7)
  7 rats
  3 plants
  3 tentacles (Shoals:2)
968 creatures vanquished.

Vanquished Creatures (others)
  An orc knight (Orc:2)
  A human (D:2)
  6 fungi
  6 plants
  A tentacle (Shoals:2)
15 creatures vanquished.

Grand Total: 983 creatures vanquished

Notes
Turn   | Place    | Note
-------+----------+-------------------------------------------
     0 | D:1      | EriolAelfwine the Troll Fighter began the quest for the
                  | Orb.
     0 | D:1      | Reached XP level 1. HP: 22/22 MP: 0/0
    84 | D:1      | Reached XP level 2. HP: 29/29 MP: 1/1
   539 | D:2      | Noticed a scorpion
   541 | D:2      | Reached XP level 3. HP: 36/36 MP: 2/2
   552 | D:2      | Killed a scorpion
   552 | D:2      | Reached skill level 3 in Unarmed Combat
   552 | D:2      | Reached XP level 4. HP: 35/44 MP: 3/3
   610 | D:2      | Reached XP level 5. HP: 40/53 MP: 4/4
   938 | D:2      | Found an ancient bone altar of Kikubaaqudgha.
   939 | D:2      | Noticed a human
   942 | D:2      | Killed a human
  1214 | D:3      | Reached skill level 4 in Unarmed Combat
  1307 | D:3      | Reached XP level 6. HP: 58/61 MP: 5/5
  1778 | D:4      | Found a hazy altar of Hepliaklqana.
  1943 | D:4      | Reached skill level 5 in Unarmed Combat
  1988 | D:4      | Reached XP level 7. HP: 68/68 MP: 6/6
  2421 | D:5      | Entered Level 5 of the Dungeon
  2562 | D:5      | Found a glowing golden altar of the Shining One.
  2740 | D:4      | Found a snail-covered altar of Cheibriados.
  3090 | D:6      | Reached skill level 6 in Unarmed Combat
  3090 | D:6      | Reached XP level 8. HP: 78/78 MP: 7/7
  3432 | D:6      | Noticed Jessica
  3443 | D:6      | Found a shimmering blue altar of Sif Muna.
  3446 | D:6      | Killed Jessica
  3718 | D:7      | Found a white marble altar of Elyvilon.
  3851 | D:7      | Reached skill level 7 in Unarmed Combat
  3974 | D:7      | Found a staircase to the Ecumenical Temple.
  4115 | Temple   | Entered the Ecumenical Temple
  4275 | Temple   | Became a worshipper of Warmaster Okawaru
  4375 | D:7      | Reached skill level 5 in Fighting
  4375 | D:7      | Reached skill level 5 in Shields
  4460 | D:7      | Reached XP level 9. HP: 47/88 MP: 8/8
  4482 | D:7      | Reached skill level 5 in Dodging
  4492 | D:7      | Reached * piety under Okawaru
  4628 | D:7      | Found a radiant altar of Vehumet.
  4630 | D:7      | Found a basalt altar of Yredelemnul.
  4708 | D:7      | Reached skill level 8 in Unarmed Combat
  5870 | D:8      | Reached ** piety under Okawaru
  6052 | D:9      | Found an ornate altar of the Wu Jian Council.
  6071 | D:9      | Found a staircase to the Orcish Mines.
  6170 | D:9      | Reached skill level 9 in Unarmed Combat
  6561 | D:9      | Noticed Psyche
  6569 | D:9      | Killed Psyche
  6569 | D:9      | Reached XP level 10. HP: 80/98 MP: 9/9
  6619 | D:9      | Found a staircase to the Lair.
  6809 | D:9      | Reached *** piety under Okawaru
  7074 | D:10     | Entered Level 10 of the Dungeon
  7074 | D:10     | Found a runed translucent gate.
  7074 | D:10     | Found a runed translucent gate.
  7074 | D:10     | Found a runed translucent gate.
  7295 | D:10     | Reached skill level 10 in Unarmed Combat
  7455 | D:10     | Reached **** piety under Okawaru
  7552 | D:10     | Noticed Erica
  7566 | D:10     | Killed Erica
  7589 | D:10     | Found a runed translucent door.
  7721 | D:10     | Found a basalt altar of Yredelemnul.
  7741 | D:10     | Noticed nightchill's ghost (journeyman HOFi)
  8122 | D:11     | Noticed a cyclops
  8131 | D:11     | Noticed a two-headed ogre
  8150 | D:11     | Killed a two-headed ogre
  8150 | D:11     | Reached ***** piety under Okawaru
  8150 | D:11     | Received a gift from Okawaru
  8150 | D:11     | Reached XP level 11. HP: 49/109 MP: 10/10
  8152 | D:11     | Reached skill level 11 in Unarmed Combat
  8338 | D:11     | Noticed a soul eater
  8531 | D:11     | Noticed a four-headed hydra
  8547 | D:11     | Killed a one-headed hydra
  8705 | D:11     | Got a dull robe
  8716 | D:11     | Identified the +0 robe of Experimentation {Int+3} (You
                  | found it on level 11 of the Dungeon)
  8811 | D:11     | Gained mutation: Scrolls take you a little longer to read.
                  | [a neqoxec]
  8896 | D:11     | Noticed a two-headed ogre
  8904 | D:11     | Killed a two-headed ogre
  9274 | D:12     | Found a shadowy altar of Dithmenos.
  9337 | Lair:1   | Entered Level 1 of the Lair of Beasts
  9560 | Lair:1   | Reached skill level 12 in Unarmed Combat
  9775 | Lair:1   | Received a gift from Okawaru
 10509 | Lair:2   | Reached XP level 12. HP: 111/119 MP: 11/11
 11263 | Lair:2   | Noticed a six-headed hydra
 11274 | Lair:2   | Killed a one-headed hydra
 11530 | Lair:3   | Reached skill level 13 in Unarmed Combat
 11663 | Lair:3   | Found a staircase to the Snake Pit.
 11791 | Lair:3   | You fall into a shaft and drop 1 floor!
 11856 | Lair:4   | Noticed a death yak
 11857 | Lair:4   | Noticed a death yak
 11857 | Lair:4   | Noticed a death yak
 11858 | Lair:4   | Noticed a death yak
 11875 | Lair:4   | Killed a death yak
 11882 | Lair:4   | Killed a death yak
 11882 | Lair:4   | Reached skill level 1 in Invocations
 11892 | Lair:4   | Killed a death yak
 11892 | Lair:4   | Received a gift from Okawaru
 11898 | Lair:4   | Killed a death yak
 11910 | Lair:4   | Got a crude robe {god gift}
 11921 | Lair:4   | Identified the +1 robe of the Meadowlark {rF- rN+ rCorr
                  | Int+4} (Okawaru gifted it to you on level 4 of the Lair of
                  | Beasts)
 12077 | Lair:4   | Found a staircase to the Shoals.
 12183 | Lair:4   | You fall into a shaft and drop 1 floor!
 12304 | Lair:4   | Reached XP level 13. HP: 122/130 MP: 13/13
 13340 | Lair:4   | Reached skill level 14 in Unarmed Combat
 14033 | Lair:5   | Found a runed translucent gate.
 14033 | Lair:5   | Found a runed translucent gate.
 14033 | Lair:5   | Found a runed translucent gate.
 14033 | Lair:5   | Noticed Depheass's ghost (journeyman CeAM)
 14117 | Lair:5   | Killed Depheass's ghost
 14172 | Lair:5   | Received a gift from Okawaru
 14174 | Lair:5   | Got a masterwork trident {god gift}
 14175 | Lair:5   | Identified the +9 trident of Precise Incision {distort,
                  | +Blink} (Okawaru gifted it to you on level 5 of the Lair of
                  | Beasts)
 14176 | Lair:5   | Cast into level 3 of the Abyss (unwielding a weapon of
                  | distortion)
 14205 | Lair:5   | Escaped the Abyss
 14336 | Lair:5   | Reached skill level 15 in Unarmed Combat
 14336 | Lair:5   | Reached XP level 14. HP: 140/140 MP: 15/15
 14623 | Lair:5   | Noticed an entropy weaver
 15013 | Lair:5   | Noticed an entropy weaver
 15019 | Lair:5   | Killed an entropy weaver
 15076 | Lair:5   | Killed an entropy weaver
 15352 | Lair:6   | Entered Level 6 of the Lair of Beasts
 15522 | Lair:6   | Received a gift from Okawaru
 15530 | Lair:6   | Reached ****** piety under Okawaru
 15572 | Lair:6   | Reached skill level 16 in Unarmed Combat
 15608 | Lair:6   | Got a pitted scimitar {god gift}
 15609 | Lair:6   | Identified the +7 scimitar of Grim Tender Mercy {distort,
                  | rPois rC- Dex+5} (Okawaru gifted it to you on level 6 of
                  | the Lair of Beasts)
 15737 | Lair:6   | Reached XP level 15. HP: 149/149 MP: 17/17
 15795 | Lair:6   | Reached skill level 5 in Invocations
 15819 | Lair:6   | Received a gift from Okawaru
 16142 | Lair:6   | Found a staircase to the Slime Pits.
 16693 | Lair:6   | Reached skill level 10 in Fighting
 16706 | Lair:6   | Reached skill level 10 in Dodging
 17086 | Lair:6   | Got a flickering bone ring
 17268 | Orc:1    | Entered Level 1 of the Orcish Mines
 17314 | Orc:1    | Noticed Erolcha
 17322 | Orc:1    | Killed Erolcha
 17417 | Orc:2    | Entered Level 2 of the Orcish Mines
 17424 | Orc:2    | Reached skill level 10 in Shields
 17514 | Orc:1    | Noticed Maurice
 17523 | Orc:1    | Killed Maurice
 17794 | Orc:1    | Found Tapluxt's Assorted Antiques.
 17797 | Orc:1    | Bought a potion of heal wounds for 145 gold pieces
 17797 | Orc:1    | Bought a scroll of enchant armour for 217 gold pieces
 17911 | Orc:2    | Found a staircase to the Elven Halls.
 18503 | Orc:2    | Found a roughly hewn altar of Beogh.
 19060 | Orc:2    | Gained mutation: Scrolls take you longer to read. [a
                  | neqoxec]
 19280 | Orc:2    | Found Linnuq's Distillery.
 19280 | Orc:2    | Found Rieh's Weapon Boutique.
 19406 | Orc:2    | Found Bimell's Jewellery Boutique.
 19406 | Orc:2    | Found Quasypra's Antique Weapon Shoppe.
 19423 | Orc:2    | Bought a potion of mutation for 128 gold pieces
 19423 | Orc:2    | Bought a potion of mutation for 128 gold pieces
 19423 | Orc:2    | Bought a potion of heal wounds for 80 gold pieces
 19428 | Orc:2    | Bought the ring "Xummuem" {rPois Slay+2} for 460 gold
                  | pieces
 19434 | Orc:2    | Identified the ring of Springtime {rElec rF+ Stlth-} (You
                  | found it on level 6 of the Lair of Beasts)
 19442 | Orc:2    | Lost mutation: Scrolls take you longer to read. [potion of
                  | mutation]
 19442 | Orc:2    | Lost mutation: Scrolls take you a little longer to read.
                  | [potion of mutation]
 19442 | Orc:2    | Gained mutation: You are covered in thick fur. (AC +2)
                  | [potion of mutation]
 19442 | Orc:2    | Gained mutation: You are frail. (-10% HP) [potion of
                  | mutation]
 19442 | Orc:2    | Gained mutation: You have sharp toenails. [potion of
                  | mutation]
 19560 | D:12     | Reached skill level 17 in Unarmed Combat
 19824 | D:12     | Found a transporter.
 19879 | D:12     | Found a transporter.
 20008 | D:12     | Received a gift from Okawaru
 20013 | D:12     | Got a slimy trident {god gift}
 20014 | D:12     | Identified the +9 trident "Yxyox" {vamp, rElec rC++ Dex-4
                  | Stlth+} (Okawaru gifted it to you on level 12 of the
                  | Dungeon)
 20324 | D:10     | Killed nightchill's ghost
 20603 | D:13     | Found a portal to a secret trove of treasure.
 20650 | D:13     | Found a gate leading to a gauntlet.
 20656 | Gauntlet | Entered a Gauntlet
 20656 | Gauntlet | Found a transporter.
 20656 | Gauntlet | Found a transporter.
 20660 | Gauntlet | Found a transporter.
 20663 | Gauntlet | Found a transporter.
 20688 | Gauntlet | Found a transporter.
 20713 | Gauntlet | Found a transporter.
 20713 | Gauntlet | Found a transporter.
 20715 | Gauntlet | Found a transporter.
 20733 | Gauntlet | Found a transporter.
 20749 | Gauntlet | Found a transporter.
 20759 | Gauntlet | Found a transporter.
 20774 | Gauntlet | Found a transporter.
 20795 | Gauntlet | Found a transporter.
 20811 | Gauntlet | Found a transporter.
 20985 | Gauntlet | Got a vibrating steel ring
 20986 | Gauntlet | Identified the ring of Pantheism {rElec MR+ Dex+2 SInv}
                  | (You found it in a Gauntlet)
 21018 | Gauntlet | Reached XP level 16. HP: 58/144 MP: 12/19
 21502 | D:13     | Found a gate to the Vaults.
 21533 | D:13     | Received a gift from Okawaru
 22005 | D:13     | Found a radiant altar of Vehumet.
 22046 | D:13     | Found Eliras's Distillery.
 22375 | D:14     | Noticed Nessos
 22439 | D:14     | Killed Nessos
 22726 | D:14     | Found Ysihea's Assorted Antiques.
 22728 | D:14     | Noticed Josephine
 22743 | D:14     | Killed Josephine
 22935 | D:14     | Noticed Azrael
 22961 | D:14     | Killed Azrael
 23672 | D:15     | Entered Level 15 of the Dungeon
 23997 | D:15     | Reached skill level 18 in Unarmed Combat
 24061 | D:15     | Found a staircase to the Depths.
 24327 | D:15     | Found Naoredan's Magic Scroll Shoppe.
 24373 | D:15     | Received a gift from Okawaru
 24446 | D:15     | Found Oke Toa's Antique Armour Boutique.
 24449 | D:15     | Found Xetatez's Assorted Antiques.
 24556 | D:15     | Found Uboll's Assorted Antiques.
 24822 | D:15     | Found Umnusyobb's Assorted Antiques.
 25335 | Shoals:1 | Entered Level 1 of the Shoals
 25335 | Shoals:1 | Found Nupt's Assorted Antiques.
 25443 | Shoals:1 | Received a gift from Okawaru
 25769 | Shoals:1 | Reached XP level 17. HP: 128/153 MP: 21/21
 26630 | Shoals:2 | Noticed Polyphemus
 26648 | Shoals:2 | Killed Polyphemus
 26923 | Shoals:2 | Found a runed translucent gate.
 26924 | Shoals:2 | Found a runed translucent gate.
 26925 | Shoals:2 | Found a runed translucent gate.
 26926 | Shoals:2 | Noticed Meod's ghost (adept MiBe)
 27154 | Shoals:2 | Noticed a kraken
 27179 | Shoals:2 | Killed a kraken
 27732 | Shoals:2 | Killed Meod's ghost
 28357 | Shoals:3 | Received a gift from Okawaru
 28926 | Shoals:3 | Reached skill level 19 in Unarmed Combat
 29250 | Shoals:4 | Entered Level 4 of the Shoals
 29356 | Shoals:4 | Noticed Mara
 29366 | Shoals:4 | Noticed EriolAelfwine's illusion
 29370 | Shoals:4 | Killed Mara
 29374 | Shoals:4 | HP: 5/154 [alligator snapping turtle (38)]
 29383 | Shoals:4 | HP: 2/154 [manticore/volley of spikes (15)]
 29579 | Shoals:4 | Cast into level 2 of the Abyss (merfolk javelineer)
 29671 | Abyss:2  | Gained mutation: Your spells are a little easier to cast,
                  | but a little less powerful. [a neqoxec]
 29672 | Abyss:2  | Lost mutation: Your spells are a little easier to cast, but
                  | a little less powerful. [a neqoxec]
 29693 | Abyss:2  | HP: 3/154 [purple very ugly thing (15)]
 29693 | Abyss:2  | Slain by a purple very ugly thing

Illustrated notes

Levels and vault maps discovered:
D:1:      lemuel_arrival_broad_hall, layout_basic
D:2:      cheibrodos_pilgrimage, layout_basic, tgw_kikubaaqudgha
D:3:      layout_rooms
D:4:      lemuel_upstairs_altar, layout_cave_pools, lemuel_round_altar,
          first_ration, grunt_ministairs_10, fountainhead, minmay_checkerbox
D:5:      layout_cave_pools, serial_glass, glass_columns_c, glass_columns_a,
          nicolae_tso_besieged_by_evil
D:6:      layout_gridville, tgw_sif
D:7:      layout_loops_ring, nicolae_overflow_hidden_temple,
          minmay_temple_entry_sparse_star, basic_altar
D:8:      layout_gridville
D:9:      layout_stronghold, old_standard_altar, dpeg_oklobed_lair, orc_0_dummy,
          uniq_psyche
D:10:     layout_loops_ring, gammafunk_ghost_icy, grunt_ogre_cave,
          dk_yredelemnul_ordeal, uniq_erica
D:11:     layout_loops_ring, serial_rivers, chequers_serial_rivers_large_a,
          chequers_serial_rivers_micro_c, chequers_serial_rivers_small_3,
          chequers_serial_rivers_small_a, chequers_serial_rivers_marsh
D:12:     gammafunk_wand_slinger, layout_cave_pools, basic_altar,
          minmay_misc_feat_iff
D:13:     layout_roguey, skrybe_vaults_entry_preservation, serial_shops,
          nicolae_shop_trees, gauntlet_entry_generic, enter_trove_5,
          lemuel_statue_altar
D:14:     layout_long_grid, serial_shops, shop_statue, hangedman_decor_lopped,
          minmay_misc_feat_four_crosses, uniq_josephine, uniq_nessos,
          uniq_azrael
D:15:     grunt_enter_depths_giant_problem, layout_stronghold, serial_shops,
          shop, shop, nicolae_shop_crystal, shop,
          nicolae_shop_overgrown_old_shop, minmay_hedge_maze,
          minmay_diced_spiral
Temple:   eino_temple_rhombus
Lair:1:   layout_gridlike, serial_bayou_shore_b, grunt_megastairs_2
Lair:2:   cheibrodos_lair_river_kwai, layout_chaotic_city,
          grunt_forest_stairs_basic, serial_bayou_shore_a
Lair:3:   layout_regular_city, minmay_snake_entry_spellcaster
Lair:4:   cheibrodos_lair_overgrown_chateau, layout_gridlike,
          shoals_dummy_entry, nicolae_lair_grove_arrangements,
          lemuel_fruit_fields
Lair:5:   layout_gridlike, ebering_ghost_rock_garden,
          grunt_forest_small_clearings, minivault_19, zaba_antful_of_joy
Lair:6:   due_jungle_book, layout_gridlike, minmay_slime_entry_pillars
Shoals:1: layout_shoals, serial_shops, shop, hangedman_shoals_cup_caves
Shoals:2: layout_shoals, gammafunk_ghost_split, uniq_polyphemus
Shoals:3: layout_shoals
Shoals:4: shoals_end_simple, layout_shoals, nicolae_shoals_isolated_beach,
          uniq_louise, uniq_mara
Orc:1:    layout_caves, serial_shops, nicolae_shop_behind_doors, uniq_erolcha,
          uniq_maurice
Orc:2:    grunt_orc_tribal_feast, layout_caves, basic_altar
Abyss:2:  base:
Snake:1

Skill      XL: |  1  2  3  4  5  6  7  8  9 10 11 12 13 14 15 16 17 |
---------------+----------------------------------------------------+-----
Unarmed Combat | 3 4 5 6 7 9 10 12 13 15 16 17 18 19 | 19.2
Fighting       | 3 4 5 6 7 8 9 10 11 | 11.9
Dodging        | 3 4 5 6 7 8 9 10 11 12 | 12.0
Shields        | 3 4 5 6 7 8 9 10 11 | 11.8
Invocations    | 2 3 4 5 7 8 |  8.0

Action                   |  1- 3 |  4- 6 |  7- 9 | 10-12 | 13-15 | 16-18 || total
-------------------------+-------+-------+-------+-------+-------+-------++-------
Melee: Unarmed           |    71 |   214 |   449 |   528 |  1034 |   861 ||  3157
       Scimitar          |       |       |       |    14 |    29 |    10 ||    53
       Kick              |       |       |       |       |    75 |   350 ||   425
Throw: Dart              |       |       |       |    17 |       |       ||    17
       Large rock        |       |       |       |     9 |     6 |    47 ||    62
Invok: Heroism           |       |       |       |     7 |    12 |    12 ||    31
       Finesse           |       |       |       |       |     5 |     4 ||     9
  Use: Scroll            |       |    13 |     8 |     6 |    11 |     2 ||    40
       Potion            |       |       |       |     2 |     2 |     6 ||    10
 Stab: Distracted        |       |       |       |       |       |     1 ||     1
       Petrified         |       |       |       |       |       |     7 ||     7
  Eat: Chunk             |    11 |    13 |    42 |    47 |    78 |    85 ||   276
Armor: Robe              |    24 |    73 |    70 |     9 |    88 |    70 ||   334
       Troll leather arm |       |       |       |    58 |   105 |       ||   163
       Swamp dragon scal |       |       |       |       |       |   108 ||   108
Dodge: Dodged            |    24 |    90 |   265 |   238 |   347 |   321 ||  1285
Block: Kite shield       |    36 |   115 |   213 |   274 |    80 |       ||   718
       Tower shield      |       |       |       |       |   829 |   948 ||  1777
       Rpst.: Scimitar   |       |       |       |     1 |     4 |     2 ||     7
